 Dungeon Crawl Stone Soup version 0.30-a0-365-ge7f957f1db (webtiles) character file.

Game seed: 261517437438954574

3726 Manisia the Cleaver (level 9, -17/124 HPs)
             Began as a Minotaur Berserker on Nov 18, 2022.
             Was an Elder of Trog.
             Demolished by an enormous slime creature (33 damage)
             ... on level 8 of the Dungeon.
             The game lasted 00:08:44 (7018 turns).

Manisia the Cleaver (Minotaur Berserker)            Turns: 7018, Time: 00:08:44

Health: -17/124    AC: 14    Str: 32    XL:     9   Next: 92%
Magic:  8/8        EV: 10    Int:  4    God:    Trog [****..]
Gold:   468        SH:  0    Dex: 10    Spells: 8/8 levels left

rFire   . . .      SeeInvis .    s - +0 war axe
rCold   . . .      Faith    .    (no shield)
rNeg    . . .      Spirit   .    i - +0 chain mail
rPois   .          Reflect  .    (helmet restricted)
rElec   .          Harm     .    (no cloak)
rCorr   .          Rampage  .    b - +1 pair of gloves
Will    .....                    (no boots)
Stlth   ..........               (no amulet)
HPRegen 0.40/turn                k - +6 ring of strength
MPRegen 0.11/turn                (no ring)

@: berserking (expiring), very quick
A: horns 2, retaliatory headbutt
a: Renounce Religion, Berserk, Trog's Hand, Brothers in Arms


You were on level 8 of the Dungeon.
You worshipped Trog.
Trog was greatly pleased with you.
You visited 1 branch of the dungeon, and saw 8 of its levels.

You collected 468 gold pieces.

Inventory:

Hand Weapons
 a - a +0 hand axe
 e - a +2 hand axe of electrocution
 s - a +0 war axe (weapon)
Missiles
 n - 3 throwing nets (quivered)
Armour
 b - a +1 pair of gloves (worn)
 i - a +0 chain mail (worn)
Jewellery
 k - a +6 ring of strength (left hand)
 w - a ring of protection from cold
Wands
 d - a wand of flame (45)
 f - a wand of quicksilver (9)
 q - a wand of iceblast (8)
 r - a wand of mindburst (7)
 B - a wand of charming (10)
Scrolls
 o - 4 scrolls of teleportation
 t - a scroll of magic mapping
 x - 2 scrolls of fear
 y - a scroll of blinking
 z - a scroll of identify
 A - a scroll of acquirement {unknown}
Potions
 c - a potion of invisibility
 g - 10 potions of curing
 h - 5 potions of heal wounds
 j - 2 potions of lignification
 l - 2 potions of attraction {unknown}
 m - 2 potions of haste {unknown}
 p - a potion of magic {unknown}
 u - a potion of degeneration {unknown}
 v - 2 potions of resistance {unknown}
 C - a potion of might {unknown}
 D - a potion of berserk rage {unknown}


   Skills:
 + Level 9.3 Fighting
 - Level 10.0 Axes
 - Level 10.0 Armour
 + Level 4.9 Dodging
 * Level 2.8 Evocations


You had 8 spell levels left.
You didn't know any spells.
Your spell library was empty.

Dungeon Overview and Level Annotations

Branches:
Dungeon (8/15)             Temple (0/1) D:5            Lair (0/5) D:8

Altars:
Ashenzari
Elyvilon
Fedhas
Kikubaaqudgha
Makhleb
Nemelex Xobeh
Ru
Vehumet
Zin
The Shining One

Shops:
D:2 [   D:4 [   D:8 **


Innate Abilities, Weirdness & Mutations

You have a pair of horns on your head.
You reflexively headbutt those who attack you in melee.


Message History

You headbutt the very large slime creature!
The very large slime creature is moderately wounded.
You barely miss the very large slime creature.
The very large slime creature is moderately wounded.
The very large slime creature misses you.
You slice the very large slime creature!!
The very large slime creature is moderately wounded.
The very large slime creature hits you!!
A slime creature comes into view.
You barely miss the very large slime creature.
You headbutt the very large slime creature!!
The very large slime creature is heavily wounded.
You hit the very large slime creature.
The very large slime creature is heavily wounded.
The very large slime creature hits you!!
You are too injured to fight recklessly!
You are too injured to fight recklessly!
You barely miss the very large slime creature.
The very large slime creature is heavily wounded.
The very large slime creature hits you.
You slash the very large slime creature!
The very large slime creature is heavily wounded.
You slice the very large slime creature!!
The very large slime creature is severely wounded.
The very large slime creature hits you!!!
* * * LOW HITPOINT WARNING * * *
Two slime creatures merge to form an enormous slime creature.
You slash the enormous slime creature!
The enormous slime creature is heavily wounded.
You slice the enormous slime creature!!
You headbutt the enormous slime creature!
The enormous slime creature is severely wounded.
You are too berserk!
Unknown command.
You barely miss the enormous slime creature.
The enormous slime creature is severely wounded.
You slash the enormous slime creature!
The enormous slime creature is severely wounded.
The enormous slime creature hits you!!
You die...

.# #.### #.###.## .#
#.#.## #.# #..# .#
###....#######.###...
..+
+....................
###
###....###########^..
#.#.## #..# #.###
###.## #.#######>
#...# #.@J......
#.### ######.### #.#
#)#### #.##.. #.##.#
#.##.. #.##.# #.....
####.#


You could see an enormous slime creature.

Vanquished Creatures
  Pikel (D:5)
  Joseph (D:7)
  Sigmund (D:2)
  An orc warrior (D:5)
  An ice beast (D:8)
  2 sky beasts (D:7)
  A black bear (D:7)
  An ogre (D:4)
  4 centaurs
  8 necrophages
  3 bullfrogs
  A gnoll sergeant (D:7)
  A scorpion (D:4)
  2 howler monkeys (D:8)
  2 jellies
  5 orc priests
  A hound (D:4)
  A gnoll bouda (D:6)
  Jessica (D:2)
  4 iguanas
  9 orc wizards
  A killer bee zombie (D:7)
  2 howler monkey zombies (D:7)
  Robin (D:2)
  13 gnolls
  7 adders
  A shadow imp (D:6)
  5 ufetubi
  4 worms
  4 dart slugs
  30 orcs
  8 endoplasms
  2 giant cockroaches (D:1)
  15 goblins
  10 hobgoblins
  4 quokkas
  8 ball pythons
  4 bats
  11 frilled lizards
  6 kobolds
  4 rats
191 creatures vanquished.

Vanquished Creatures (others)
  3 bushes (D:7)
  35 plants
38 creatures vanquished.

Grand Total: 229 creatures vanquished

Notes
Turn   | Place    | Note
-------+----------+-------------------------------------------
     0 | D:1      | Manisia the Minotaur Berserker began the quest for the Orb.
     0 | D:1      | Reached XP level 1. HP: 19/19 MP: 0/0
   223 | D:1      | Reached XP level 2. HP: 27/27 MP: 1/1
   575 | D:1      | Reached XP level 3. HP: 29/33 MP: 2/2
   743 | D:1      | Reached ** piety under Trog
  1071 | D:2      | Noticed Jessica
  1074 | D:2      | Killed Jessica
  1254 | D:2      | Noticed Robin
  1256 | D:2      | Reached XP level 4. HP: 40/40 MP: 3/3
  1261 | D:2      | Killed Robin
  1262 | D:2      | Reached skill level 5 in Axes
  1621 | D:2      | Found Ceon's Armour Emporium.
  1644 | D:2      | Noticed Sigmund
  1657 | D:2      | Killed Sigmund
  1658 | D:2      | Reached XP level 5. HP: 47/47 MP: 4/4
  1658 | D:2      | Reached XP level 6. HP: 55/55 MP: 5/5
  1966 | D:3      | Reached skill level 5 in Fighting
  2593 | D:4      | Noticed a cacodemon
  2594 | D:4      | Found a burning altar of Makhleb.
  2598 | D:4      | Found a glowing silver altar of Zin.
  2598 | D:4      | Noticed an angel
  2613 | D:4      | Found Xeycw's Armour Shoppe.
  2751 | D:4      | Found a broken altar of Ashenzari.
  2817 | D:4      | Reached XP level 7. HP: 51/61 MP: 6/6
  3274 | D:4      | Reached *** piety under Trog
  3575 | D:5      | Entered Level 5 of the Dungeon
  3730 | D:5      | Noticed Pikel
  3735 | D:5      | Killed Pikel
  3736 | D:5      | Reached skill level 5 in Armour
  3736 | D:5      | Reached XP level 8. HP: 70/70 MP: 7/7
  3935 | D:5      | Reached skill level 10 in Axes
  3997 | D:5      | Found a staircase to the Ecumenical Temple.
  4048 | D:5      | Found a sparkling altar of Nemelex Xobeh.
  4352 | D:6      | Found a radiant altar of Vehumet.
  4357 | D:6      | Found an ancient bone altar of Kikubaaqudgha.
  4362 | D:6      | Found a glowing golden altar of the Shining One.
  4707 | D:7      | Noticed Joseph
  4716 | D:7      | Killed Joseph
  4717 | D:7      | Reached XP level 9. HP: 79/79 MP: 8/8
  4772 | D:7      | Reached **** piety under Trog
  4948 | D:7      | Found a blossoming altar of Fedhas.
  5391 | D:7      | Reached skill level 1 in Evocations
  5735 | D:7      | Reached skill level 10 in Armour
  5926 | D:7      | Found a sacrificial altar of Ru.
  5935 | D:7      | Found a white marble altar of Elyvilon.
  6590 | D:8      | Found Adek's General Store.
  6610 | D:8      | Found Masucait's General Store.
  7005 | D:8      | Found a staircase to the Lair.
  7018 | D:8      | Demolished by an enormous slime creature

Illustrated notes

Levels and vault maps discovered:
D:1:      roderic_octagonal_star, layout_loops_cross, hangedman_decor_points,
          st_stairs_2, minmay_liquid_box, minmay_lizard_king
D:2:      minmay_alternating_diamond, layout_basic, serial_shops, shop,
          kennysheep_pointless_box, uniq_robin, uniq_sigmund, uniq_jessica
D:3:      layout_rooms
D:4:      layout_basic, grunt_temple_overflow_order_and_chaos_2,
          ashenzari_conservatory_becter, serial_shops,
          nicolae_shop_advertising_works [nicolae_subvault_shop_adworks],
          minmay_goblin_outpost
D:5:      layout_basic, nemelex_diamond_rough_becter, minmay_temple_entry_trees,
          uniq_pikel
D:6:      layout_cave_pools, minmay_overflow_temple_star_quad,
          chequers_serial_rivers_small_a, kennysheep_nondescript
D:7:      minmay_flawed_box, layout_cave_pods, fedhas_altar_decomposition,
          mainiacjoe_overflow_swirl, dk_vineyard_3, roderic_lattice_a,
          minmay_misc_feat_rows, nicolae_grassy_gnolls, uniq_joseph
D:8:      layout_loops_corners, lair_entry_dummy, serial_shops,
          nicolae_take_the_stairs, shop, kennysheep_another_room, uniq_psyche

Skill      XL: |  1  2  3  4  5  6  7  8  9 |
---------------+----------------------------+-----
Axes           | 4 6 7 9 10 | 10.0
Fighting       | 4 5 6 7 9 |  9.3
Dodging        | 3 4 |  4.9
Armour         | 3 5 8 10 | 10.0
Evocations     | 2 |  2.8

Action                   |  1- 3 |  4- 6 |  7- 9 || total
-------------------------+-------+-------+-------++-------
Melee: Hand axe          |    68 |    92 |    59 ||   219
       Headbutt          |     9 |    15 |    38 ||    62
       Punch             |     1 |     1 |     2 ||     4
       War axe           |       |       |   193 ||   193
Invok: Berserk           |     1 |     3 |     7 ||    11
  Use: Scroll            |     5 |     5 |     5 ||    15
 Stab: Sleeping          |     1 |       |       ||     1
Armor: Animal skin       |    10 |       |       ||    10
       Ring mail         |     1 |       |       ||     1
       Chain mail        |       |    38 |   140 ||   178
Dodge: Dodged            |    35 |    28 |   125 ||   188

Table legend: (Time is in decaauts)
 A = Elapsed time spent in this place.
 B = Non-inter-level travel time spent in this place.
 C = Inter-level travel time spent in this place.
 D = Time resting spent in this place.
 E = Time spent auto-exploring this place.
 F = Levels seen in this place.
 G = Mean time per level.
                   A        B        C        D        E       F      G
               +--------+--------+--------+--------+--------+-----+--------+
         Total |   7115 |   6898 |    217 |    183 |   5726 |   8 |  889.4 |
       Dungeon |   7115 |   6898 |    217 |    183 |   5726 |   8 |  889.4 |
               +--------+--------+--------+--------+--------+-----+--------+

Top non-repeatable levels by time:
     D:7: 1505 daAuts
     D:4: 1082 daAuts
     D:1: 1025 daAuts
     D:2: 947 daAuts
     D:8: 833 daAuts
     D:5: 632 daAuts
     D:3: 566 daAuts
     D:6: 523 daAuts
